 Dungeon Crawl Stone Soup version 0.23-a0-644-gb60d84b (webtiles) character file.

561 Borgoz the Covert (level 7, -5/52 HPs)
             Began as a Halfling Assassin on Jan 1, 2019.
             Slain by Sigmund
             ... wielding a +1 vampiric scythe
              (11 damage)
             ... on level 4 of the Dungeon.
             The game lasted 00:09:39 (4730 turns).

Borgoz the Covert (Halfling Assassin)               Turns: 4730, Time: 00:09:39

Health: -5/52      AC:  3    Str: 12    XL:     7   Next: 57%
Magic:  11/11      EV: 18    Int:  9    God:
Gold:   161        SH:  0    Dex: 18    Spells: 11/11 levels left

rFire    . . .     SeeInvis .   a - +2 dagger
rCold    . . .     Gourm    .   (shield restricted)
rNeg     . . .     Faith    .   c - +0 robe
rPois    .         Spirit   .   (no helmet)
rElec    .         Reflect  .   d - +0 cloak
rCorr    .         Harm     .   (no gloves)
MR       +....                  (no boots)
Stlth    ++++......             (no amulet)
HPRegen  0.17/turn              p - ring of protection from magic
MPRegen  0.12/turn              (no ring)

@: no status effects
A: small, mutation resistance 1
a: no special abilities


You were on level 4 of the Dungeon.
You were not hungry.

You visited 1 branch of the dungeon, and saw 4 of its levels.

You collected 161 gold pieces.

Inventory:

Hand Weapons
 a - a +2 dagger (weapon)
 b - a +0 blowgun
Missiles
 e - 15 poisoned needles
 f - 2 curare-tipped needles
Armour
 c - a +0 robe (worn)
 d - a +0 cloak (worn)
Jewellery
 m - an uncursed amulet of regeneration {unknown}
 p - a ring of protection from magic (left hand)
 v - an uncursed ring of magical power
Wands
 j - a wand of digging (6)
Scrolls
 i - a scroll of random uselessness {unknown}
 n - 2 scrolls of immolation
 o - 2 scrolls of remove curse
 q - a scroll of magic mapping {unknown}
 t - 3 scrolls of enchant weapon
Potions
 u - 2 potions of flight
Comestibles
 g - 3 rations


   Skills:
 + Level 6.0 Fighting
 + Level 7.0 Short Blades
 - Level 2.0 Throwing
 + Level 4.2 Armour
 + Level 5.3 Dodging
 + Level 8.1 Stealth
 + Level 2.9 Spellcasting
   Level 3.1 Necromancy


You had 11 spell levels left.
You didn't know any spells.
Your spell library was empty.

Dungeon Overview and Level Annotations

Branches:
Dungeon (4/15)
 Temple: D:4-7

Altars:

Annotations:
D:4 Sigmund


Innate Abilities, Weirdness & Mutations

You are small and have problems with some larger weapons.
You are somewhat resistant to further mutation.


Message History

You hit something. You closely miss something. Something hits you!
* * * LOW HITPOINT WARNING * * *
You closely miss something. You hit something.
You feel better. Something hits you.
* * * LOW HITPOINT WARNING * * *
You closely miss something. Something barely misses you.
You closely miss something. You barely miss something. You hit something.
Something hits you but does no damage.
You miss something. You hit something but do no damage. Something hits you.
* * * LOW HITPOINT WARNING * * *
You hit something but do no damage. You barely miss something.
Something hits you.
* * * LOW HITPOINT WARNING * * *
You hit something but do no damage. You hit something. Something hits you!
You die...

.. #.. #. . #%##
##..... #
#..###....... #
#..#.........# #
##............####
#...............##
#.###.................
#..{@<...............
##...##..............
#..###...####.....(.
#.. ##..# ###..†.. ###
#..## ##.)### ##..#
##..## # #..###...#
#........####
##..........#


There were no monsters in sight!

Vanquished Creatures
  A scorpion (D:4)
  An orc priest (D:3)
  2 hounds
  A worker ant (D:4)
  Natasha (thrice) (D:3)
  9 adders
  An ooze (D:4)
  An adder skeleton (D:4)
  3 worms
  A dart slug (D:1)
  A leopard gecko (D:2)
  9 orcs
  8 bats
  5 hobgoblins
  4 jackals (D:3)
  2 quokkas
  5 ball pythons (D:2)
  5 frilled lizards
  3 goblins
  5 kobolds
  A leopard gecko skeleton (D:4)
  10 rats
81 creatures vanquished.

Notes
Turn   | Place    | Note
-------+----------+-------------------------------------------
     0 | D:1      | Borgoz the Halfling Assassin began the quest for the Orb.
     0 | D:1      | Reached XP level 1. HP: 14/14 MP: 1/1
   338 | D:1      | Reached XP level 2. HP: 19/19 MP: 2/2
  1237 | D:2      | Reached skill level 5 in Stealth
  1273 | D:2      | Reached XP level 3. HP: 14/24 MP: 3/3
  2032 | D:2      | Reached XP level 4. HP: 27/29 MP: 4/4
  2573 | D:3      | Reached XP level 5. HP: 26/34 MP: 5/5
  2799 | D:3      | Noticed Natasha
  2813 | D:3      | Killed Natasha
  2813 | D:3      | Reached skill level 6 in Stealth
  3051 | D:3      | Reached skill level 5 in Fighting
  3051 | D:3      | Reached skill level 5 in Dodging
  3051 | D:3      | Reached skill level 7 in Stealth
  3051 | D:3      | Reached XP level 6. HP: 46/46 MP: 5/10
  3484 | D:3      | Noticed Natasha
  3497 | D:3      | Killed Natasha
  3559 | D:3      | Reached skill level 8 in Stealth
  3559 | D:3      | Reached XP level 7. HP: 49/52 MP: 11/11
  3703 | D:3      | Noticed Natasha
  3734 | D:3      | Killed Natasha
  4687 | D:4      | Noticed Sigmund
  4730 | D:4      | Slain by Sigmund

Vault maps used:
D:1:      lightli_iron_boxes
D:2:      serial_forest, infiniplex_forest_zigzag_1, infiniplex_forest_clump_C,
          infiniplex_forest_clump_large, infiniplex_forest_straight_4,
          first_ration, minmay_shallow_snake_nest
D:3:      uniq_natasha
D:4:      st_stairs_7, minmay_misc_feat_iff, uniq_eustachio, uniq_sigmund

Skill      XL: |  1  2  3  4  5  6  7 |
---------------+----------------------+-----
Stealth        | 5 7 8 |  8.1
Fighting       | 2 5 6 |  6.0
Short Blades   | 3 6 7 |  7.0
Dodging        | 2 5 |  5.3
Armour         | 4 |  4.2
Spellcasting   | 2 |  2.9
Necromancy     | 3 |  3.1
Throwing       | |  2.0

Action                   |  1- 3 |  4- 6 |  7- 9 || total
-------------------------+-------+-------+-------++-------
Melee: Dagger            |    95 |   175 |   155 ||   425
 Fire: Blowgun           |     8 |       |       ||     8
  Use: Potion            |       |     9 |     2 ||    11
       Scroll            |       |     5 |     4 ||     9
 Stab: Sleeping          |     9 |    11 |     4 ||    24
       Invisible         |       |     1 |       ||     1
       Distracted        |       |     1 |       ||     1
  Eat: Chunk             |     2 |     5 |     5 ||    12
Armor: Robe              |    16 |    31 |     8 ||    55
Dodge: Dodged            |    70 |   113 |    60 ||   243

Table legend:
 A = Non-vault XP
 B = Vault XP
 C = Vault XP percentage of total XP
 D = Non-vault monster count
 E = Vault monster count
 F = Vault count percentage of total count
                 A         B        C        D         E       F
            +---------+---------+-------+---------+---------+-------
      Total |     516 |      68 |  11.6 |      74 |       7 |   8.6
            +---------+---------+-------+---------+---------+-------
        D:1 |      18 |       0 |   0.0 |      11 |       0 |   0.0
        D:2 |      58 |      20 |  25.6 |      21 |       5 |  19.2
        D:3 |     248 |      35 |  12.4 |      28 |       1 |   3.4
        D:4 |     192 |      13 |   6.3 |      14 |       1 |   6.7
            +---------+---------+-------+---------+---------+-------
